 Dungeon Crawl Stone Soup version 0.27-b1-41-gafb5482f4b (webtiles) character file.

Game seed: 5978880716591750258

715 Crownlay the Chiller (level 7, 0/51 HPs)
             Began as a Gnoll Ice Elementalist on July 28, 2021.
             Slain by a lemure (2 damage)
             ... led by Pikel
             ... on level 4 of the Dungeon.
             The game lasted 00:10:46 (4984 turns).

Crownlay the Chiller (Gnoll Ice Elementalist)       Turns: 4984, Time: 00:10:47

Health: 0/51       AC:  9    Str:  8    XL:     7   Next: 69%
Magic:  8/15       EV: 12    Int: 16    God:
Gold:   230        SH:  8    Dex: 17    Spells: 10/17 levels left

rFire    . . .     SeeInvis +   l - +5 war axe of the Hummingbird {speed, Dex+5}
rCold    . . .     Faith    .   p - +0 kite shield
rNeg     . . .     Spirit   .   a - +0 robe
rPois    +         Reflect  .   (no helmet)
rElec    .         Harm     .   (no cloak)
rCorr    .         Rampage  .   (no gloves)
Will     .....                  (no boots)
Stlth    +++.......             (no amulet)
HPRegen  0.17/turn              h - ring of poison resistance
MPRegen  0.14/turn              r - ring of see invisible

@: ice-armoured, about to teleport, freezing walls
A: fangs 1, strong nose, distributed training
a: no special abilities


You were on level 4 of the Dungeon.
You visited 1 branch of the dungeon, and saw 4 of its levels.
You also visited: Sewer.

You collected 230 gold pieces.

Inventory:

Hand Weapons
 l - the +5 war axe of the Hummingbird (weapon) {speed, Dex+5}
   (You found it in a sewer)

   Attacks with this weapon are significantly faster.
   Dex:       It affects your dexterity (+5).
Missiles
 j - 24 poisoned darts (quivered)
Armour
 a - a +0 robe (worn)
 p - a +0 kite shield (worn)
Jewellery
 h - a ring of poison resistance (left hand)
 q - a ring of resist corrosion
 r - a ring of see invisible (right hand)
Wands
 m - a wand of flame (12)
Scrolls
 b - a scroll of immolation
 e - 3 scrolls of amnesia
 f - a scroll of teleportation
 k - a scroll of identify {unknown}
 n - a scroll of brand weapon {unknown}
 o - a scroll of noise {unknown}
Potions
 c - 2 potions of berserk rage
 d - a potion of lignification {unknown}
 g - 2 potions of attraction {unknown}
 i - a potion of curing {unknown}


   Skills:
 + Level 2.6 Fighting
 + Level 2.6 Short Blades
 + Level 2.6 Long Blades
 + Level 2.6 Axes
 + Level 2.6 Maces & Flails
 + Level 2.6 Polearms
 + Level 2.6 Staves
 + Level 2.6 Slings
 + Level 2.6 Bows
 + Level 2.6 Crossbows
 + Level 2.6 Throwing
 + Level 2.6 Armour
 + Level 5.3 Dodging
 + Level 5.0 Stealth
 + Level 2.6 Shields
 + Level 2.6 Unarmed Combat
 + Level 5.7 Spellcasting
 + Level 2.1 Conjurations
 + Level 2.1 Hexes
 + Level 2.1 Summonings
 + Level 2.1 Necromancy
 + Level 2.1 Translocations
 + Level 2.1 Transmutations
 + Level 2.1 Fire Magic
 + Level 7.4 Ice Magic
 + Level 2.1 Air Magic
 + Level 2.1 Earth Magic
 + Level 2.1 Poison Magic
 + Level 2.9 Invocations
 + Level 2.6 Evocations


You had 10 spell levels left.
You knew the following spells:

 Your Spells              Type           Power      Damage    Failure   Level
a - Freeze                Ice            100%       1d11      3%          1
b - Frozen Ramparts       Ice            56%        1d7       10%         3
c - Ozocubu's Armour      Ice            28%        N/A       10%         3

Your spell library contained the following spells:

 Spells                   Type           Power      Damage    Failure   Level
 Hailstorm                Conj/Ice       20%        3d6       67%         4


Dungeon Overview and Level Annotations

Branches:
Dungeon (4/15)              Sewer (visited)
 Temple: D:4-7

Altars:

Shops:
D:4 *

Annotations:
D:4 Pikel


Innate Abilities, Weirdness & Mutations

You have very sharp teeth.
Your uncanny sense of smell can sniff out nearby items.
Your experience applies equally to all skills.


Message History

Confirm with . or Enter, or press ? or * to list all spells.
A film of ice covers your body!
The wall freezes the lemure!
The lemure hits you.
The wall freezes the lemure. x2
You are too injured to fight recklessly!
You are too injured to fight recklessly!
Unknown command.
You are too injured to fight recklessly!
You slash the lemure!
The lemure is heavily wounded.
You closely miss the lemure. You hit the lemure. The lemure closely misses you.
The lemure barely misses you.
The wall freezes the lemure.
You block the lemure's attack. x2
You barely miss the lemure.
The lemure is heavily wounded.
You closely miss the lemure. You hit the lemure. The lemure closely misses you.
The wall freezes the lemure.
The lemure closely misses you. You block the lemure's attack.
The wall freezes Pikel.
You closely miss the lemure.
The lemure is severely wounded.
You hit the lemure. You hit the lemure but do no damage.
You block the lemure's attack.
The wall freezes the lemure.
The lemure hits you. x2
* * * LOW HITPOINT WARNING * * *
The wall freezes Pikel.
You slash the lemure!
You kill the lemure!
That felt strangely unrewarding.
You hit the lemure but do no damage. You closely miss the lemure.
The lemure hits you.
* * * LOW HITPOINT WARNING * * *
The wall freezes Pikel.
As you read the scroll labelled TUMAXT WASUM, it crumbles to dust.
You feel strangely unstable.
It was a scroll of teleportation.
The wall freezes the lemure!
You block the lemure's attack. The lemure hits you.
* * * LOW HITPOINT WARNING * * *
The lemure misses you.
The wall freezes Pikel.
You barely miss the lemure.
The lemure is moderately wounded.
You hit the lemure. x2; The wall freezes the lemure.
The lemure hits you.
You die...

##.........#.... ... #...
##........###.. #. ##.#
##.......... ∆ #.
##........##.# ....#
#..........### .....
#...........##... ......
#####.......K........ ......
##.##.......55##.....# .....
##..#..###...5@####..## .#....
#......#.........##...## ...#..
##.....................##......
#####....#...#..............#.
##..##.##...............#.
##..................##...
##.#.....#####..........
#######..# ##...#....< #..#
##...#.....


You could see Pikel and 3 lemures.

Vanquished Creatures
  Grinder (D:3)
  Sigmund (D:3)
  A water moccasin (Sewer)
  A lemure (D:4)
  A phantom (D:4)
  An orc priest (D:3)
  Terence (D:3)
  An orc wizard (D:3)
  2 adders (D:2)
  3 gnolls (D:2)
  A worm (D:3)
  A dart slug (D:2)
  5 orcs (D:3)
  12 bats
  9 endoplasms
  8 giant cockroaches
  4 goblins
  5 hobgoblins
  6 jackals
  5 quokkas
  2 ball pythons
  4 frilled lizards
  10 kobolds
  2 rats (D:2)
  A bush (D:3)
88 creatures vanquished.

Vanquished Creatures (others)
  8 plants (D:3)
8 creatures vanquished.

Grand Total: 96 creatures vanquished

Notes
Turn   | Place    | Note
-------+----------+-------------------------------------------
     0 | D:1      | Crownlay the Gnoll Ice Elementalist began the quest for the
                  | Orb.
     0 | D:1      | Reached XP level 1. HP: 13/13 MP: 6/6
   579 | D:1      | You fall into a shaft and drop 1 floor!
   580 | D:2      | Found a faded altar of an unknown god.
   633 | D:2      | Reached XP level 2. HP: 12/19 MP: 4/7
   854 | D:2      | Reached skill level 5 in Spellcasting
   854 | D:2      | Reached XP level 3. HP: 25/25 MP: 5/9
  1161 | D:2      | Reached skill level 1 in Invocations
  1421 | D:1      | Learned a level 3 spell: Frozen Ramparts
  1435 | D:1      | Learned a level 3 spell: Ozocubu's Armour
  1609 | D:1      | Reached skill level 1 in Fighting
  1609 | D:1      | Reached skill level 1 in Short Blades
  1609 | D:1      | Reached skill level 1 in Long Blades
  1609 | D:1      | Reached skill level 1 in Axes
  1609 | D:1      | Reached skill level 1 in Maces & Flails
  1609 | D:1      | Reached skill level 1 in Polearms
  1609 | D:1      | Reached skill level 1 in Staves
  1609 | D:1      | Reached skill level 1 in Slings
  1609 | D:1      | Reached skill level 1 in Bows
  1609 | D:1      | Reached skill level 1 in Crossbows
  1609 | D:1      | Reached skill level 1 in Throwing
  1609 | D:1      | Reached skill level 1 in Armour
  1609 | D:1      | Reached skill level 1 in Shields
  1609 | D:1      | Reached skill level 1 in Unarmed Combat
  1609 | D:1      | Reached skill level 1 in Evocations
  1767 | D:1      | Reached XP level 4. HP: 32/32 MP: 11/11
  2300 | D:2      | Reached skill level 1 in Conjurations
  2300 | D:2      | Reached skill level 1 in Hexes
  2300 | D:2      | Reached skill level 1 in Summonings
  2300 | D:2      | Reached skill level 1 in Necromancy
  2300 | D:2      | Reached skill level 1 in Translocations
  2300 | D:2      | Reached skill level 1 in Transmutations
  2300 | D:2      | Reached skill level 1 in Fire Magic
  2300 | D:2      | Reached skill level 1 in Air Magic
  2300 | D:2      | Reached skill level 1 in Earth Magic
  2300 | D:2      | Reached skill level 1 in Poison Magic
  2760 | D:3      | Found a glowing drain.
  2890 | Sewer    | Entered a sewer
  2953 | Sewer    | Noticed a water moccasin
  2964 | Sewer    | Killed a water moccasin
  2965 | Sewer    | Reached XP level 5. HP: 34/38 MP: 5/12
  3023 | Sewer    | Identified the +5 war axe of the Hummingbird {speed, Dex+5}
  3207 | D:3      | Reached XP level 6. HP: 22/44 MP: 9/13
  3456 | D:3      | Noticed Grinder
  3479 | D:3      | Killed Grinder
  3480 | D:3      | Reached skill level 5 in Dodging
  3480 | D:3      | Reached XP level 7. HP: 7/50 MP: 3/15
  3992 | D:3      | Noticed Sigmund
  4003 | D:3      | Killed Sigmund
  4488 | D:3      | Noticed Terence
  4497 | D:3      | Killed Terence
  4881 | D:4      | Found Ciewk's Assorted Antiques.
  4961 | D:4      | Noticed Pikel
  4974 | D:4      | Reached skill level 5 in Stealth
  4983 | D:4      | HP: 2/51 [lemure[Pikel] (5)]
  4984 | D:4      | Slain by a lemure

Illustrated notes

Levels and vault maps discovered:
D:1:      amcnicky_arrival_feature_with_door, layout_basic
D:2:      layout_basic, hellmonk_ecumenical_altar_pennies_from_heaven,
          hex_intersection, hangedman_decor_riveting, minmay_worlds_worst_comb
D:3:      layout_loops_corners, serial_forest, infiniplex_forest_straight_4,
          infiniplex_forest_clump_double, infiniplex_forest_zigzag_2,
          infiniplex_forest_end_2, infiniplex_forest_join,
          infiniplex_forest_end_double, cheibrodos_sewer_entry_bend,
          minmay_misc_feat_nine_boxes, uniq_sigmund, uniq_grinder, uniq_terence
D:4:      layout_cave_pools, kennysheep_mini_moat, serial_shops,
          nicolae_stop_n_shop_1, uniq_pikel

Skill      XL: |  1  2  3  4  5  6  7 |
---------------+----------------------+-----
Spellcasting   | 5 |  5.7
Invocations    | 1 2 |  2.9
Fighting       | 1 2 |  2.6
Short Blades   | 1 2 |  2.6
Long Blades    | 1 2 |  2.6
Axes           | 1 2 |  2.6
Maces & Flails | 1 2 |  2.6
Polearms       | 1 2 |  2.6
Staves         | 1 2 |  2.6
Slings         | 1 2 |  2.6
Bows           | 1 2 |  2.6
Crossbows      | 1 2 |  2.6
Throwing       | 1 2 |  2.6
Armour         | 1 2 |  2.6
Shields        | 1 2 |  2.6
Unarmed Combat | 1 2 |  2.6
Evocations     | 1 2 |  2.6
Conjurations   | 1 2 |  2.1
Hexes          | 1 2 |  2.1
Summonings     | 1 2 |  2.1
Necromancy     | 1 2 |  2.1
Translocations | 1 2 |  2.1
Transmutations | 1 2 |  2.1
Fire Magic     | 1 2 |  2.1
Air Magic      | 1 2 |  2.1
Earth Magic    | 1 2 |  2.1
Poison Magic   | 1 2 |  2.1
Dodging        | 5 |  5.3
Stealth        | 5 |  5.0
Ice Magic      | |  7.4

Action                   |  1- 3 |  4- 6 |  7- 9 || total
-------------------------+-------+-------+-------++-------
Melee: Dagger            |    66 |    29 |       ||    95
       Flail             |     4 |       |       ||     4
       Bite              |     4 |     5 |    13 ||    22
       War axe           |       |    17 |    92 ||   109
       Punch             |       |     1 |     2 ||     3
Throw: Dart              |       |    14 |    15 ||    29
 Cast: Freeze            |    24 |    16 |       ||    40
       Frozen Ramparts   |       |     6 |     5 ||    11
       Ozocubu's Armour  |       |     3 |     4 ||     7
  Use: Scroll            |       |     2 |     1 ||     3
 Stab: Sleeping          |     8 |     8 |     8 ||    24
Armor: Robe              |    17 |    13 |     4 ||    34
Dodge: Dodged            |    68 |    40 |    15 ||   123
Block: Kite shield       |       |       |    11 ||    11
